 Dungeon Crawl Stone Soup version 0.29.0-11-gd7f09526c8 (webtiles) character file.

Game seed: 11045519287982139340

2455 Flugkiller the Cleaver (level 9, -1/79 HPs)
             Began as a Minotaur Fighter on Sept 3, 2022.
             Was a Believer of Cheibriados.
             Slain by Menkaure (9 damage)
             ... on level 6 of the Dungeon.
             The game lasted 00:03:20 (6593 turns).

Flugkiller the Cleaver (Minotaur Fighter)           Turns: 6593, Time: 00:03:21

Health: -1/79      AC:  6    Str: 26    XL:     9   Next: 26%
Magic:  10/10      EV:  9    Int: 10    God:    Cheibriados [**....]
Gold:   332        SH:  8    Dex: 24    Spells: 8/8 levels left

rFire   . . .      SeeInvis +   a - +1 war axe
rCold   . . .      Faith    .   c - +1 buckler
rNeg    . . .      Spirit   .   b - +0 scale mail
rPois   .          Reflect  .   (helmet restricted)
rElec   +          Harm     .   (no cloak)
rCorr   .          Rampage  .   (no gloves)
Will    .....                   B - +1 pair of boots "Nelud" {rElec Dex+5}
Stlth   +.........              (no amulet)
HPRegen 0.23/turn               i - ring of see invisible
MPRegen 0.12/turn               (no ring)

@: corroded, very slow
A: horns 2, retaliatory headbutt
a: Renounce Religion, Bend Time


You were on level 6 of the Dungeon.
You worshipped Cheibriados.
Cheibriados was pleased with you.
You visited 1 branch of the dungeon, and saw 6 of its levels.
You also visited: Sewer and Ossuary.

You collected 332 gold pieces.

Inventory:

Hand Weapons
 a - a +1 war axe (weapon)
Armour
 b - a +0 scale mail (worn)
 c - a +1 buckler (worn)
 x - a +0 kite shield
   (You found it on level 5 of the Dungeon)
 B - the +1 pair of boots "Nelud" (worn) {rElec Dex+5}
   (You found it on level 5 of the Dungeon)

   Dex:       It affects your dexterity (+5).
   rElec:     It insulates you from electricity.
Jewellery
 i - a ring of see invisible (left hand)
   (You found it on level 3 of the Dungeon)
Scrolls
 j - a scroll of brand weapon
 k - a scroll of enchant armour
 n - a scroll of immolation
 v - a scroll of fear
 w - a scroll of fog
 y - a scroll of silence
Potions
 d - 2 potions of might
 e - a potion of mutation {unknown}
 f - 3 potions of attraction
 g - a potion of resistance {unknown}
 l - a potion of flight {unknown}
 m - 3 potions of haste {unknown}
 o - 3 potions of brilliance {unknown}
 p - 3 potions of magic {unknown}
 q - 7 potions of curing
 s - 2 potions of lignification {unknown}
 A - 2 potions of degeneration {unknown}


   Skills:
 + Level 7.6 Fighting
 * Level 9.9 Axes
 + Level 7.7 Armour
 + Level 5.7 Shields
 + Level 3.5 Invocations


You had 8 spell levels left.
You didn't know any spells.
Your spell library was empty.

Dungeon Overview and Level Annotations

Branches:
Dungeon (6/15)             Temple (0/1) D:5           Sewer (visited)
Ossuary (visited)

Altars:
Cheibriados
Dithmenos
Ru

Shops:
D:6 [?:

Annotations:
D:4 2 transporters, enotiy's ghost, novice MiFi
D:5 2 runed translucent doors
D:6 Menkaure


Innate Abilities, Weirdness & Mutations

You have a pair of horns on your head.
You reflexively headbutt those who attack you in melee.


Message History

Cheibriados appreciates the change of pace.
No target in view!
No target in view!
No target in view!
No target in view!
No target in view!
No target in view!
You see here a manticore corpse.
Okay, then.
HP restored.
You see here a manticore corpse.
An orc comes into view. It is wielding a +0 dagger.
Found a scroll labelled QAPLYZITZI.
The orc moves out of view.
An orc warrior and an orc come into view.
The orc warrior shouts!
The orc shouts!
Menkaure, Prince of Dust comes into view.
There are monsters nearby!
There are monsters nearby!
A vampire comes into view.
Found a potion of attraction.
Menkaure shouts!
The orc hits you but does no damage.
A jelly comes into view.
You block the orc's attack.
You closely miss the orc. You block the orc's attack.
You hit the vampire but do no damage. You hit the orc.
You block the vampire's attack.
The vampire bites you but does no damage.
You barely miss the orc. You headbutt the orc.
You kill the orc!
Cheibriados appreciates the change of pace.
You hit the vampire but do no damage. You slash the orc!
You kill the orc!
Cheibriados appreciates the change of pace.
You barely miss the orc warrior. The vampire hits you. The vampire bites you!
The vampire draws strength from your injuries!
You block the orc warrior's attack.
You hit the orc warrior but do no damage.
You barely miss the vampire. The orc warrior closely misses you.
Menkaure gestures wildly while chanting.
Menkaure seems to speed up.
You block the vampire's attack. The vampire bites you.
The vampire draws strength from your injuries!
You closely miss the orc warrior. You headbutt the orc warrior.
The orc warrior is moderately wounded.
You slash the jelly!
Your hands burn!
You hit the vampire but do no damage. The orc warrior barely misses you.
You furiously retaliate!
You headbutt the orc warrior! You block the jelly's attack.
The vampire gestures at you while chanting.
You resist with some effort.
You hit the jelly. The acid corrodes you!
Your hands burn!
The jelly is almost dead.
You hit the orc warrior but do no damage.
You hit the vampire.
The orc warrior hits you with a +0 battleaxe.
The jelly hits you but does no damage. You block the vampire's attack.
The vampire bites you.
The vampire draws strength from your injuries!
You hit the jelly.
You kill the jelly!
Cheibriados appreciates the change of pace.
You hit the orc warrior. You hit the vampire but do no damage.
You block the vampire's attack.
The vampire bites you but does no damage.
The orc warrior hits you with a +0 battleaxe!
Menkaure hits you.
You hit the orc warrior but do no damage.
The orc warrior is severely wounded.
You hit Menkaure. You hit the vampire. You block the orc warrior's attack.
The vampire barely misses you.
The vampire bites you but does no damage.
Menkaure hits you but does no damage.
As you read the scroll of teleportation, it crumbles to dust.
You feel strangely unstable.
The orc warrior hits you with a +0 battleaxe!
You block Menkaure's attack. The vampire completely misses you.
You furiously retaliate!
You headbutt the vampire. The vampire bites you!
* * * LOW HITPOINT WARNING * * *
The vampire draws strength from your injuries!
Unknown command.
Menkaure attacks as you move away! You block Menkaure's attack.
The vampire hits you!
* * * LOW HITPOINT WARNING * * *
You block the vampire's attack. Menkaure hits you but does no damage.
The vampire hits you.
* * * LOW HITPOINT WARNING * * *
The vampire barely misses you. The orc warrior barely misses you.
You furiously retaliate!
You headbutt the orc warrior, but do no damage.
Okay, then.
Blink to where?
Press: ? - help, Dir - move target
As you read the scroll of blinking, it crumbles to dust.
Unknown command.
Your surroundings seem slightly different.
Okay, then.
It was a potion of curing.
You feel better.
q - 7 potions of curing;
m - 3 viscous pink potions Menkaure hits you!
You die...

♣.♣ ♣.........[...
♣.♣♣.♣♣♣.#........ ♣.♣
♣♣..#........
♣♣.♣♣♣♣...#........ ....
.8.......#..##...# ....
♣.♣♣♣♣...#######.. .....
♣ ♣.♣.♣♣♣......# ###
.....♣♣♣. ♣.♣♣.♣♣♣.....#
#
........♣♣♣@♣♣♣†.......#
..?.....♣♣M..♣♣...#....#
!.....)V♣o.#..♣..##....#
#.§..##...########
#..)...###### ########


You could see an orc warrior and Menkaure (fast).

Vanquished Creatures
  A manticore (D:6)
  Grinder (D:6)
  Duvessa (D:6)
  A water moccasin (D:5)
  An ice beast (D:6)
  2 ogres (D:4)
  A phantom (D:5)
  2 kobold brigands (Sewer)
  2 bullfrogs
  2 necrophages
  2 water moccasin zombies (Ossuary)
  Dowan (D:6)
  2 howler monkeys (D:6)
  3 hounds
  3 jellies
  2 orc priests (D:6)
  Terence (D:3)
  Natasha (thrice) (D:2)
  An orc wizard (D:5)
  2 mummies (Ossuary)
  9 adders
  7 gnolls
  A river rat (Sewer)
  A white imp (D:5)
  2 adder zombies (Ossuary)
  6 worms
  4 dart slugs
  10 orcs
  8 bats
  14 endoplasms
  5 giant cockroaches
  6 gnoll zombies
  11 goblins
  2 hobgoblins
  6 jackals
  2 quokkas
  9 ball pythons
  7 frilled lizards
  8 hobgoblin zombies (Ossuary)
  13 kobolds
  8 kobold zombies (Ossuary)
  4 orc zombies (Ossuary)
  10 rats
  A rat zombie (D:4)
188 creatures vanquished.

Notes
Turn   | Place    | Note
-------+----------+-------------------------------------------
     0 | D:1      | Flugkiller the Minotaur Fighter began the quest for the
                  | Orb.
     0 | D:1      | Reached XP level 1. HP: 19/19 MP: 0/0
   251 | D:1      | Found a faded altar of an unknown god.
   285 | D:1      | Reached skill level 3 in Axes
   285 | D:1      | Reached XP level 2. HP: 27/27 MP: 1/1
   774 | D:2      | Reached XP level 3. HP: 33/33 MP: 2/2
  1406 | D:2      | Reached skill level 4 in Axes
  1434 | D:2      | Reached XP level 4. HP: 10/40 MP: 3/3
  1760 | D:2      | Identified the +1 robe of the Butcher {rC+ MP+9}
  1910 | D:2      | Noticed Natasha
  1916 | D:2      | Killed Natasha
  1917 | D:2      | Reached XP level 5. HP: 46/47 MP: 4/4
  1982 | D:2      | Noticed Natasha
  1990 | D:2      | Killed Natasha
  1991 | D:2      | Reached skill level 5 in Axes
  2114 | D:2      | Noticed Natasha
  2121 | D:2      | Killed Natasha
  2511 | D:3      | Reached skill level 5 in Armour
  2806 | D:3      | Noticed Terence
  2811 | D:3      | Killed Terence
  2812 | D:3      | Reached skill level 5 in Fighting
  3186 | D:4      | Reached XP level 6. HP: 56/56 MP: 5/5
  3248 | D:4      | Reached skill level 6 in Axes
  3353 | D:4      | Found a transporter.
  3356 | D:4      | Noticed enotiy's ghost (novice MiFi)
  3417 | D:4      | Found a transporter.
  3490 | D:4      | Found a sand-covered staircase.
  3497 | D:4      | Reached XP level 7. HP: 40/62 MP: 6/6
  3509 | Ossuary  | Entered an ossuary
  3729 | Ossuary  | Reached skill level 7 in Axes
  4011 | D:4      | Found a snail-covered altar of Cheibriados.
  4032 | D:4      | Became a worshipper of Cheibriados the Contemplative
  4143 | D:4      | Found a sacrificial altar of Ru.
  4609 | D:5      | Entered Level 5 of the Dungeon
  4673 | D:5      | Found a large runed translucent door.
  4674 | D:5      | Found a large runed translucent door.
  4705 | D:5      | Reached skill level 1 in Invocations
  4773 | D:5      | Found a staircase to the Ecumenical Temple.
  4926 | D:5      | Reached skill level 8 in Axes
  4926 | D:5      | Reached XP level 8. HP: 67/71 MP: 6/8
  5013 | D:5      | Found a glowing drain.
  5027 | Sewer    | Entered a sewer
  5185 | Sewer    | Reached * piety under Cheibriados
  5756 | D:5      | Identified the +1 pair of boots "Nelud" {rElec Dex+5}
  6009 | D:6      | Noticed Duvessa
  6009 | D:6      | Noticed Dowan
  6015 | D:6      | Reached ** piety under Cheibriados
  6016 | D:6      | Killed Dowan
  6018 | D:6      | Killed Duvessa
  6052 | D:6      | Found Zeonav's Antique Armour Boutique.
  6059 | D:6      | Noticed Grinder
  6064 | D:6      | Killed Grinder
  6065 | D:6      | Reached skill level 9 in Axes
  6065 | D:6      | Reached skill level 5 in Shields
  6343 | D:6      | Found Liprat's Magic Scroll Shoppe.
  6374 | D:6      | Found a shadowy altar of Dithmenos.
  6384 | D:6      | Found Taacohot's Book Shop.
  6430 | D:6      | Reached XP level 9. HP: 79/79 MP: 10/10
  6444 | D:6      | Identified the +0 pair of gloves of the World {Rampage}
  6467 | D:6      | Noticed a manticore
  6473 | D:6      | Killed a manticore
  6579 | D:6      | Noticed Menkaure
  6590 | D:6      | HP: 1/79 [vampire (6)]
  6593 | D:6      | Slain by Menkaure

Illustrated notes

Levels and vault maps discovered:
D:1:      nzn_arrival_settlement, layout_loops_ring,
          hellmonk_ecumenical_altar_defaced_shrine
D:2:      minmay_chambers_of_ones, layout_basic, wad_floor_pattern_2,
          minmay_lizard_pond, uniq_natasha
D:3:      layout_basic, kennysheep_generic_room_10, uniq_terence
D:4:      layout_loops_corners, kennysheep_slug_shrine,
          lemuel_coloured_pillars_altar, enter_ossuary_3, gammafunk_ghost_arena
D:5:      layout_rooms, jmf_multi_god_temple2, minmay_temple_entry_glassed_door,
          portal_sewer_entry_b
D:6:      layout_gridville, nicolae_dithmenos_shadow_blocks,
          grunt_nemelex_the_gamble, serial_shops, nicolae_square_shop, shop,
          nicolae_shop_competitors_out_of_business, biasface_ghost_orc_armoury,
          kb_rosetta, uniq_menkaure, uniq_duvessa, uniq_grinder

Skill      XL: |  1  2  3  4  5  6  7  8 |
---------------+-------------------------+-----
Axes           | 3 4 5 6 8 9 |  9.9
Armour         | 4 5 6 7 |  7.7
Fighting       | 4 5 6 7 |  7.6
Invocations    | 1 3 |  3.5
Shields        | 4 5 |  5.7

Action                   |  1- 3 |  4- 6 |  7- 9 || total
-------------------------+-------+-------+-------++-------
Melee: War axe           |    93 |    79 |   241 ||   413
       Headbutt          |    16 |    11 |    39 ||    66
  Use: Scroll            |       |       |    15 ||    15
       Potion            |       |       |     2 ||     2
Armor: Scale mail        |    52 |    35 |    68 ||   155
Dodge: Dodged            |    49 |    37 |    83 ||   169
Block: Buckler           |    26 |    22 |    59 ||   107
